 Dungeon Crawl Stone Soup version 0.31-a0-7-g51783674b7 (webtiles) character file.

Game seed: 8423648648588853336

1255 Flugkiller the Chopper (level 8, -3/70 (71) HPs)
             Began as a Minotaur Fighter on May 5, 2023.
             Was an Initiate of Okawaru.
             Slain by a centaur
             ... wielding a +0 trident
              (4 damage)
             ... on level 6 of the Dungeon.
             The game lasted 00:02:24 (3683 turns).

Flugkiller the Chopper (Minotaur Fighter)           Turns: 3683, Time: 00:02:25

HP:   -3/70 (71)    AC: 12    Str: 23    XL:     8   Next: 26%
MP:   7/7           EV:  8    Int:  8    God:    Okawaru [......]
Gold: 162           SH:  5    Dex: 10    Spells: 7/7 levels left

rFire   . . .        a - +0 war axe
rCold   . . .        c - +0 buckler
rNeg    . . .        j - +0 chain mail of Vuefe {+Inv Int+3}
rPois   +            (helmet restricted)
rElec   .            n - scarf {shadows}
rCorr   .            k - +0 pair of gloves
SInv    +            p - +0 pair of boots
Will    .....        (no amulet) Stlth
                     o - ring of poison resistance
HPRegen 0.31/turn    i - ring of see invisible
MPRegen 0.10/turn

%: no passive effects
@: lightly drained
A: horns 2, retaliatory headbutt
a: Renounce Religion, Evoke Invisibility


You were on level 6 of the Dungeon.
You worshipped Okawaru.
Okawaru was noncommittal.
You visited 2 branches of the dungeon, and saw 7 of its levels.

You collected 162 gold pieces.

Inventory:

Hand Weapons
 a - a +0 war axe (weapon)
Missiles
 b - a throwing net (quivered)
Armour
 c - a +0 buckler (worn)
 j - the +0 chain mail of Vuefe (worn) {+Inv Int+3}
   (You found it on level 2 of the Dungeon)

   Int:       It affects your intelligence (+3).
   +Inv:      It lets you turn invisible.
 k - a +0 pair of gloves (worn)
   (You found it on level 2 of the Dungeon)
 n - a scarf of shadows (worn)
   (You found it on level 2 of the Dungeon)
 p - a +0 pair of boots (worn)
   (You found it on level 2 of the Dungeon)
Jewellery
 i - a ring of see invisible (right hand)
   (You found it on level 2 of the Dungeon)
 o - a ring of poison resistance (left hand)
   (You found it on level 1 of the Dungeon)
Scrolls
 e - 5 scrolls of identify {unknown}
 h - 2 scrolls of enchant weapon {unknown}
 l - a scroll of blinking {unknown}
 m - 2 scrolls of poison {unknown}
 t - 2 scrolls of teleportation
Potions
 d - a potion of might
 g - a potion of curing {unknown}
 q - a potion of mutation {unknown}
 s - 2 potions of flight


   Skills:
 + Level 6.3 Fighting
 * Level 7.8 Axes
 + Level 6.3 Armour
 + Level 6.4 Shields
 + Level 1.1 Invocations


You had 7 spell levels left.
You didn't know any spells.
Your spell library was empty.

Dungeon Overview and Level Annotations

Branches:
Dungeon (6/15)             Temple (1/1) D:5

Altars:
Cheibriados
Dithmenos
Fedhas
Hepliaklqana
Makhleb
Nemelex Xobeh
Okawaru
Qazlal
Xom
Yredelemnul
The Shining One

Annotations:
D:5 Pikel


Innate Abilities, Weirdness & Mutations

You have a pair of horns on your head.
You reflexively headbutt those who attack you in melee.


Message History

You kill the iguana!
Okawaru accepts your kill.
No target in view!
HP restored.
e - 5 scrolls labelled RUJUAN OKEUQE (gained 1)
You see here a +0 leather armour.
You see here a +2 heavy war axe.
No target in view!
A hound is nearby!
The lemure shouts!
The hound barks!
There are monsters nearby!
There are monsters nearby!
Found a stone staircase leading down.
The hound bites you.
The centaur shouts!
You hit the hound but do no damage. You hit the lemure.
The centaur shoots an arrow.
The arrow hits you. You block the hound's attack. The lemure hits you.
You hit the lemure.
The lemure is moderately wounded.
You hit the hound.
The centaur shoots an arrow.
The arrow hits you! The hound completely misses you.
The centaur shoots an arrow.
The arrow hits you. The lemure hits you but does no damage.
The hound bites you.
You hit the hound.
The hound is moderately wounded.
You closely miss the lemure.
The centaur shoots an arrow.
The arrow hits you. The hound bites you but does no damage.
The lemure hits you but does no damage.
The centaur shoots an arrow.
The arrow hits you. The hound bites you but does no damage.
You closely miss the hound. Your headbutt misses the hound.
The hound is moderately wounded.
You slash the lemure!
The centaur shoots an arrow.
You block the arrow. The lemure hits you.
The hound bites you but does no damage.
The centaur shoots an arrow.
The arrow hits you. The lemure misses you. You furiously retaliate!
You headbutt the lemure, but do no damage.
You block the hound's attack.
You closely miss the lemure. Your headbutt misses the lemure.
The lemure is heavily wounded.
You barely miss the hound.
The centaur shoots an arrow.
The arrow hits you. The hound closely misses you.
The lemure completely misses you. You furiously retaliate!
You headbutt the lemure, but do no damage.
You are too injured to fight recklessly!
You are too injured to fight recklessly!
You are too injured to fight recklessly!
You are too injured to fight recklessly!
You are too injured to fight recklessly!
You are too injured to fight recklessly!
You are too injured to fight recklessly!
You are too injured to fight recklessly!
You are too injured to fight recklessly!
The lemure attacks as you move away! The lemure closely misses you.
The hound bites you.
You slice the hound!!
You kill the hound!
Okawaru accepts your kill.
The centaur shoots an arrow.
You block the arrow.
You closely miss the lemure. Your headbutt misses the lemure.
The lemure is heavily wounded.
The lemure hits you!
* * * LOW HITPOINT WARNING * * *
You hit the lemure. Your headbutt misses the lemure.
The lemure is heavily wounded.
The lemure hits you but does no damage.
You slash the lemure!
You kill the lemure!
That felt strangely unrewarding.
The centaur shoots an arrow.
The arrow hits you but does no damage.
The centaur shoots an arrow.
The arrow hits you.
* * * LOW HITPOINT WARNING * * *
The centaur unwields a +0 shortbow.
The centaur wields a +0 trident.
The centaur hits you with a +0 trident!
* * * LOW HITPOINT WARNING * * *
The centaur closely misses you.
You see here a hound corpse.
You slash the centaur!
The centaur is severely wounded.
The centaur hits you with a +0 trident!
* * * LOW HITPOINT WARNING * * *
The centaur kicks you but does no damage.
The centaur hits you but does no damage.
The centaur kicks you.
* * * LOW HITPOINT WARNING * * *
You hit the centaur but do no damage.
The centaur is severely wounded.
The centaur hits you but does no damage.
The centaur kicks you but does no damage.
Okay, then.
You hit the centaur.
The centaur is almost dead.
The centaur barely misses you. x2
The centaur hits you but does no damage.
The centaur barely misses you.
You hit the centaur.
The centaur is almost dead.
The centaur hits you with a +0 trident.
* * * LOW HITPOINT WARNING * * *
The centaur barely misses you. The centaur hits you with a +0 trident.
You die...

#.# ## ...
..# #.#.#.#
.c....
##.#.#.### #
#........ .
#.>#<#.#.#...
#!....c...#
#..#.#@#.##
#...##.#####.
#............
....##.######
.#.#. #.####
# #....#
#.##.######
##....#..).#
#.....#.##.#


You could see a centaur.

Vanquished Creatures
  2 ice beasts (D:5)
  An ogre (D:5)
  3 lemures
  A kobold brigand (D:4)
  5 scorpions
  3 wights (D:5)
  A gnoll bouda (D:5)
  4 hounds
  2 iguanas
  Ijyb (D:3)
  2 sleepcaps (D:5)
  Terence (D:2)
  7 adders
  4 gnolls (D:5)
  A worm (D:5)
  2 dart slugs
  3 orcs
  3 bats
  7 endoplasms
  A giant cockroach (D:2)
  4 hobgoblins
  5 quokkas
  5 ball pythons
  3 goblins
  A kobold (D:1)
  3 rats
75 creatures vanquished.

Notes
Turn   | Place    | Note
-------+----------+-------------------------------------------
     0 | D:1      | Flugkiller the Minotaur Fighter began the quest for the
                  | Orb.
     0 | D:1      | Reached XP level 1. HP: 19/19 MP: 0/0
   122 | D:1      | Reached XP level 2. HP: 27/27 MP: 1/1
   188 | D:1      | Reached skill level 3 in Axes
   389 | D:2      | Noticed Terence
   391 | D:2      | Identified the +0 chain mail of Vuefe {+Inv Int+3}
   400 | D:2      | Killed Terence
   401 | D:2      | Reached XP level 3. HP: 26/33 MP: 2/2
   902 | D:3      | Reached skill level 4 in Axes
   902 | D:3      | Reached XP level 4. HP: 40/40 MP: 3/3
   956 | D:3      | Identified the +3 dagger of Duty {flame, Fly rC+ MP+9
                  | Str+4}
  1075 | D:3      | Noticed Ijyb
  1087 | D:3      | Killed Ijyb
  1602 | D:4      | Reached XP level 5. HP: 47/47 MP: 4/4
  1785 | D:4      | Found a hazy altar of Hepliaklqana.
  1817 | D:4      | Reached skill level 5 in Axes
  1853 | D:4      | Found a faded altar of an unknown god.
  1899 | D:4      | Reached XP level 6. HP: 47/54 MP: 5/5
  2006 | D:5      | Entered Level 5 of the Dungeon
  2034 | D:5      | Reached skill level 5 in Shields
  2048 | D:5      | Reached skill level 5 in Fighting
  2054 | D:5      | Reached skill level 5 in Armour
  2086 | D:5      | Noticed an ice beast
  2092 | D:5      | Reached skill level 6 in Axes
  2276 | D:5      | Killed an ice beast
  2277 | D:5      | Reached XP level 7. HP: 53/61 MP: 6/6
  2784 | D:5      | Reached skill level 7 in Axes
  2859 | D:5      | Found a burning altar of Makhleb.
  2941 | D:5      | Found a staircase to the Ecumenical Temple.
  2945 | D:5      | Reached XP level 8. HP: 68/70 MP: 7/7
  2949 | Temple   | Entered the Ecumenical Temple
  2995 | Temple   | Became a worshipper of Warmaster Okawaru
  3254 | D:6      | Noticed Pikel
  3271 | D:5      | Reached skill level 1 in Invocations
  3680 | D:6      | HP: 2/70 [centaur/+0 trident (8)]
  3683 | D:6      | Slain by a centaur

Illustrated notes

Levels and vault maps discovered:
D:1:      roderic_crossed_star, layout_basic
D:2:      layout_basic, wad_floor_pattern_2, minmay_3d_cube, uniq_terence
D:3:      layout_rooms, hangedman_glass_teeth, minmay_stone_trees_small,
          uniq_ijyb
D:4:      layout_basic, beargit_hepliaklqana_dungeon_heroes
D:5:      layout_gridville, lightli_temple_of_fire, minmay_temple_entry_hall,
          grunt_decor_arrowhead, minmay_misc_feat_ornament
D:6:      layout_basic, nicolae_ru_the_path_less_chosen, st_stairs_12,
          uniq_pikel
Temple:   kb_temple_of_zot

Skill      XL: |  1  2  3  4  5  6  7  8 |
---------------+-------------------------+-----
Axes           | 3 4 5 6 7 |  7.8
Fighting       | 4 5 6 |  6.3
Armour         | 4 5 6 |  6.3
Shields        | 4 5 6 |  6.4
Invocations    | 1 |  1.1

Action                     |  1- 3 |  4- 6 |  7- 9 || total
---------------------------+-------+-------+-------++-------
  Melee: War axe           |    44 |    78 |    99 ||   221
         Headbutt          |     8 |    14 |     9 ||    31
    Use: Potion            |       |     3 |     2 ||     5
         Scroll            |       |     1 |     1 ||     2
 Armour: Scale mail        |     5 |       |       ||     5
         Chain mail        |     9 |    45 |    66 ||   120
  Dodge: Dodged            |    21 |    29 |    52 ||   102
  Block: Buckler           |    12 |    13 |    25 ||    50

Table legend: (Time is in decaauts)
 A = Elapsed time spent in this place.
 B = Non-inter-level travel time spent in this place.
 C = Inter-level travel time spent in this place.
 D = Time resting spent in this place.
 E = Time spent auto-exploring this place.
 F = Levels seen in this place.
 G = Mean time per level.
                   A        B        C        D        E       F      G
               +--------+--------+--------+--------+--------+-----+--------+
         Total |   3742 |   3612 |    130 |    464 |   2482 |   7 |  534.6 |
       Dungeon |   3664 |   3564 |    100 |    464 |   2447 |   6 |  610.7 |
        Temple |     77 |     47 |     30 |      0 |     35 |   1 |   77.0 |
               +--------+--------+--------+--------+--------+-----+--------+

Top non-repeatable levels by time:
     D:5: 1306 daAuts
     D:4: 789 daAuts
     D:2: 545 daAuts
     D:3: 508 daAuts
     D:1: 351 daAuts
     D:6: 164 daAuts
  Temple: 77 daAuts
